 Dungeon Sprint DCSS version 0.22.1-2-g9c5b331 (webtiles) character file.

423 mimixer the Grappler (level 6, 0/71 HPs)
             Began as a Troll Berserker on Dec 6, 2018.
             Was a Believer of Trog.
             Slain by Sonja
             ... wielding a +0 short sword of draining
              (5 damage)
             ... in the Dungeon (Sprint I: "Red Sonja").
             The game lasted 00:04:52 (255 turns).

mimixer the Grappler (Troll Berserker)               Turns: 255, Time: 00:04:53

Health: 0/71       AC:  5    Str: 28    XL:     6   Next: 63%
Magic:  5/5        EV:  9    Int:  3    God:    Trog [**....]
Gold:   55         SH:  0    Dex:  9    Spells: 5/5 levels left

rFire    . . .     SeeInvis .     - Unarmed
rCold    . . .     Gourm    +   (no shield)
rNeg     . . .     Faith    .   a - +0 animal skin
rPois    .         Spirit   .   (helmet restricted)
rElec    .         Reflect  .   (no cloak)
rCorr    .         Harm     .   (gloves unavailable)
MR       .....     NoTele   +   (boots unavailable)
Stlth    +.........             (no amulet)
HPRegen  0.61/turn              (no ring)
MPRegen  0.09/turn              (no ring)

@: berserk cooldown, hasted and slowed, extremely drained
A: large, unfitting armour, claws 3, fast metabolism 3, gourmand, regeneration
1, shaggy fur 1, tough skin 2
a: Berserk, Trog's Hand, Renounce Religion


You were in the Dungeon.
You worshipped Trog.
Trog was pleased with you.
You were not hungry.

You visited 1 branch You collected 325 gold pieces.
You spent 270 gold pieces at shops.

Inventory:

Armour
 a - a +0 animal skin (worn)
Jewellery
 k - an uncursed ring of protection from magic
Scrolls
 h - a scroll of blinking
Potions
 f - 2 potions of magic
 g - a potion of berserk rage
 i - a potion of brilliance
Comestibles
 b - 2 rations


   Skills:
 + Level 7.0(0.7) Fighting
 + Level 7.4(1.1) Dodging
 + Level 9.3(2.6) Unarmed Combat


You had 5 spell levels left.
You didn't know any spells.
Your spell library was empty.

Dungeon Overview and Level Annotations

Branches:
Dungeon (1/1)

Altars:
Cheibriados
Dithmenos
Elyvilon
Fedhas
Gozag
Hepliaklqana
Kikubaaqudgha
Nemelex Xobeh
Okawaru
Qazlal
Ru
Sif Muna
Trog
Uskayaw
Vehumet
Wu Jian
Yredelemnul
Zin
The Shining One

Shops:
D *

Annotations:
D Sonja


Innate Abilities, Weirdness & Mutations

You are too large for most types of armour.
You have claws for hands.
Your metabolism is lightning-fast.
You like to eat raw meat.
Your natural rate of healing is unusually fast.
You are covered in fur. (AC +1)
You have very tough skin. (AC +2)


Message History

You feel drained. Sonja barely misses you.
You closely miss Sonja.
Sonja is lightly wounded.
Sonja hits you with an uncursed short sword of draining.
* * * LOW HITPOINT WARNING * * *
You feel drained.
* * * LOW HITPOINT WARNING * * *
Sonja hits you with an uncursed short sword of draining.
* * * LOW HITPOINT WARNING * * *
You feel drained.
* * * LOW HITPOINT WARNING * * *
Sonja misses you.
You closely miss Sonja.
Sonja is lightly wounded.
Sonja hits you with an uncursed short sword of draining.
* * * LOW HITPOINT WARNING * * *
You feel drained.
* * * LOW HITPOINT WARNING * * *
Sonja hits you with an uncursed short sword of draining.
You die...

################
#<.#..'..#..'..#
#..'.)#..').#..+
#.[#####'#####'#
#..####..#...#.#
#..#__####.(##K#
#..#_____##'#_.+
#⌠⌠#_.K@..((.._#
####_..__##_.#+#
#_____###'#
####### #.# $.$
#$.$# ##.## #+#


You could see Sonja.

Vanquished Creatures
  Sigmund (D)
  A yak (D)
  An ogre (D)
  A jelly (D)
  Ijyb (D)
5 creatures vanquished.

Notes
Turn   | Place    | Note
-------+----------+-------------------------------------------
     0 | D        | mimixer the Troll Berserker began the quest for the Orb.
     0 | D        | Reached XP level 1. HP: 22/22 MP: 0/0
   101 | D        | Noticed Ijyb
   113 | D        | Killed Ijyb
   113 | D        | Reached skill level 4 in Unarmed Combat
   113 | D        | Reached XP level 2. HP: 29/31 MP: 1/1
   119 | D        | Noticed an ogre
   125 | D        | Killed an ogre
   125 | D        | Reached skill level 5 in Dodging
   125 | D        | Reached skill level 6 in Unarmed Combat
   125 | D        | Reached XP level 3. HP: 41/41 MP: 2/2
   125 | D        | Reached XP level 4. HP: 49/49 MP: 3/3
   137 | D        | Noticed Sigmund
   141 | D        | Killed Sigmund
   141 | D        | Reached ** piety under Trog
   141 | D        | Reached skill level 8 in Unarmed Combat
   141 | D        | Reached XP level 5. HP: 51/59 MP: 4/4
   156 | D        | Found an ornate altar of the Wu Jian Council.
   156 | D        | Found a deep blue altar of Sif Muna.
   158 | D        | Found a radiant altar of Vehumet.
   160 | D        | Reached XP level 6. HP: 68/68 MP: 5/5
   182 | D        | Found Vusmuh's General Store.
   182 | D        | Found an ancient bone altar of Kikubaaqudgha.
   182 | D        | Found a hazy altar of Hepliaklqana.
   182 | D        | Found a hide-covered altar of Uskayaw.
   182 | D        | Found a basalt altar of Yredelemnul.
   182 | D        | Found an opulent altar of Gozag.
   182 | D        | Found a snail-covered altar of Cheibriados.
   182 | D        | Found a sacrificial altar of Ru.
   182 | D        | Found a shadowy altar of Dithmenos.
   182 | D        | Noticed a yak
   185 | D        | Killed a yak
   185 | D        | Reached skill level 9 in Unarmed Combat
   186 | D        | Found a stormy altar of Qazlal.
   186 | D        | Found a blossoming altar of Fedhas.
   186 | D        | Found a bloodstained altar of Trog.
   186 | D        | Found an iron altar of Okawaru.
   186 | D        | Found a glowing golden altar of the Shining One.
   186 | D        | Found a glowing silver altar of Zin.
   186 | D        | Found a white marble altar of Elyvilon.
   191 | D        | Found a sparkling altar of Nemelex Xobeh.
   195 | D        | Bought an uncursed ring of protection from magic for 250
                  | gold pieces
   195 | D        | Bought a scroll of identify for 20 gold pieces
   230 | D        | Noticed Sonja
   255 | D        | Slain by Sonja

Skill      XL: |  1  2  3  4  5  6 |
---------------+-------------------+-----
Fighting       | 3 4 6 7 |  7.0
Dodging        | 3 5 6 7 |  7.4
Unarmed Combat | 4 6 8 9 |  9.3

Action                   |  1- 3 |  4- 6 || total
-------------------------+-------+-------++-------
Melee: Unarmed           |    14 |    17 ||    31
Invok: Berserk           |       |     1 ||     1
  Use: Potion            |       |     3 ||     3
       Scroll            |       |     1 ||     1
  Eat: Chunk             |       |     2 ||     2
Armor: Animal skin       |     4 |     7 ||    11
Dodge: Dodged            |     5 |    22 ||    27
